 Dungeon Crawl Stone Soup version 0.26-a0-113-gd8a95b691d (webtiles) character file.

Game seed: 6157203312515122609

67784 MrRokkomies the Champion of Chaos (level 15, -1/97 HPs)
             Began as a Kobold Arcane Marksman on June 25, 2020.
             Was the Champion of Makhleb.
             Engulfed by a cloud of flame (8 damage)
             ... while paralysed by an orc sorcerer
             ... on level 2 of the Orcish Mines.
             The game lasted 01:39:13 (29430 turns).

MrRokkomies the Champion of Chaos (KoAM)           Turns: 29430, Time: 01:39:13

Health: -1/97      AC: 13    Str: 18    XL:     15   Next: 67%
Magic:  21/24      EV:  3    Int: 16    God:    Makhleb [******]
Gold:   2138       SH:  0    Dex: 14    Spells: 1/16 levels left

rFire    + . .     SeeInvis .   a - +2 dagger (venom)
rCold    . . .     Faith    .   (shield restricted)
rNeg     . . .     Spirit   .   K - +2 ring mail of Idiczoug {rF+ Str+7 Dex-3 Stlth+}
rPois    +         Reflect  .   n - +2 helmet
rElec    .         Harm     .   (no cloak)
rCorr    .                      c - +2 pair of gloves
MR       +....                  (no boots)
Stlth    +++++.....             s - amulet of regeneration
HPRegen  0.66/turn              y - ring of poison resistance
MPRegen  0.19/turn              H - ring of stealth

@: paralysed, lightly drained
A: small, carnivore
a: Minor Destruction, Lesser Servant of Makhleb, Major Destruction, Greater
Servant of Makhleb, Renounce Religion


You were on level 2 of the Orcish Mines.
You worshipped Makhleb.
Makhleb was exalted by your worship.
You were completely stuffed.

You visited 4 branches of the dungeon, and saw 20 of its levels.
You visited the Abyss 1 time.
You also visited: Ice Cave.

You collected 2642 gold pieces.
You spent 504 gold pieces at shops.

Inventory:

Hand Weapons
 a - a +2 dagger of venom (weapon)
 b - a +1 hand crossbow
 r - the +10 scimitar "Houshoce" {antimagic, rPois}
   (You found it on level 6 of the Lair of Beasts)

   It reduces the magical energy of the wielder, and disrupts the spells and
   magical abilities of those hit.
   Natural abilities and divine invocations are not affected.
   It protects you from poison.
 w - a +2 dagger of electrocution
Missiles
 d - 20 bolts
 m - 58 poisoned darts (quivered)
 G - 11 curare-tipped darts
Armour
 c - a +2 pair of gloves (worn)
 n - a +2 helmet (worn)
 K - the +2 ring mail of Idiczoug (worn) {rF+ Str+7 Dex-3 Stlth+}
   (You found it on level 1 of the Lair of Beasts)

   It affects your strength (+7).
   It affects your dexterity (-3).
   It protects you from fire.
   It makes you more stealthy.
 P - the +5 scale mail of the Trilobite {rC- MR+ Str+2}
   (You found it on level 3 of the Lair of Beasts)

   It affects your strength (+2).
   It makes you vulnerable to cold.
   It affects your resistance to hostile enchantments.
 R - the +1 scale mail of Vexation {rElec rN+ Str+2 SInv}
   (You found it on level 5 of the Lair of Beasts)

   It affects your strength (+2).
   It insulates you from electricity.
   It protects you from negative energy.
   It lets you see invisible.
Jewellery
 s - an amulet of regeneration (around neck)
 y - a ring of poison resistance (left hand)
 E - an uncursed ring of protection from cold
 F - an uncursed ring of positive energy
 H - a ring of stealth (right hand)
 M - an uncursed ring of fire
 U - an uncursed ring of ice
 V - an uncursed ring of resist corrosion
Wands
 e - a wand of digging (3)
 t - a wand of flame (61)
 x - a wand of polymorph (9)
 A - a wand of random effects (23)
 L - a wand of iceblast (5)
 S - a wand of paralysis (10)
 T - a wand of clouds (4)
Scrolls
 i - 3 scrolls of enchant weapon
 p - 5 scrolls of remove curse
 q - 2 scrolls of fear
 v - a scroll of fog
 D - 4 scrolls of amnesia
 N - a scroll of teleportation
 O - a scroll of immolation
 Q - a scroll of magic mapping
Potions
 g - 5 potions of haste
 h - 2 potions of mutation
 j - 5 potions of might
 l - 6 potions of flight
 o - 2 potions of stabbing
 u - 4 potions of brilliance
 z - a potion of invisibility
 B - a potion of lignification
 C - 2 potions of berserk rage {unknown}
 I - 2 potions of resistance
 W - a potion of heal wounds
Miscellaneous
 J - a tin of tremorstones (3/3)
Comestibles
 f - 45 rations
 k - 2 chunks of flesh


   Skills:
 + Level 12.4(11.8) Fighting
 - Level 10.0(9.4) Short Blades
 - Level 10.0(9.4) Crossbows
 * Level 12.4(11.8) Dodging
 - Level 7.2(6.6) Stealth
 - Level 1.1(0.6) Spellcasting
 - Level 10.0(9.4) Hexes
 - Level 6.0(5.4) Translocations
 - Level 6.0(5.4) Fire Magic
 * Level 13.2(12.6) Invocations
 + Level 5.3(4.8) Evocations


You had one spell level left.
You knew the following spells:

 Your Spells              Type           Power        Failure   Level  Hunger
a - Corona                Hex            ####...      1%          1    ##.....
b - Slow                  Hex            ####....     1%          2    ###....
c - Inner Flame           Hex/Fire       ###.....     6%          3    ####...
d - Portal Projectile     Hex/Tloc       ###...       6%          3    ####...
e - Dazzling Flash        Conj/Hex       ###...       19%         3    ####...
f - Tukima's Dance        Hex            ####....     2%          3    ####...

Your spell library contained the following spells:

 Spells                   Type           Power        Failure   Level  Hunger
 Apportation              Tloc           ###...       4%          1    ##.....
 Magic Dart               Conj           #...         41%         1    ##.....
 Sandblast                Erth           #.....       41%         1    ##.....
 Summon Butterflies       Summ           #.......     41%         1    ##.....
 Cause Fear               Hex            ####......   9%          4    #####..
 Lesser Beckoning         Tloc           ###.......   14%         3    ####...
 Fulminant Prism          Conj/Hex       ###.......   52%         4    #####..
 Leda's Liquefaction      Hex/Erth       ###.......   52%         4    #####..
 Corpse Rot               Necr/Air       N/A          54%         2    ###....
 Searing Ray              Conj           #.....       54%         2    ###....
 Stone Arrow              Conj/Erth      #.....       78%         3    ####...
 Iskenderun's Mystic Bla  Conj/Tloc      #.......     80%         4    #####..
 Invisibility             Hex            ####....     80%         6    #######
 Silence                  Hex/Air        ###.......   86%         5    ######.
 Summon Forest            Summ/Tloc      #.........   98%         5    ######.
 Summon Lightning Spire   Summ/Air       #.......     99%         4    #####..
 Bolt of Magma            Conj/Fire/Erth #.........   99%         5    ######.
 Alistair's Intoxication  Tmut/Pois      #.......     100%        5    ######.
 Iskenderun's Battlesphe  Conj/Chrm      #.......     100%        5    ######.
 Lee's Rapid Deconstruct  Erth           #.........   100%        5    ######.
 Conjure Ball Lightning   Conj/Air       #.........   100%        6    #######
 Eringya's Noxious Bog    Tmut/Pois      #.........   100%        6    #######
 Hydra Form               Tmut           #.........   100%        6    #######
 Iron Shot                Conj/Erth      #.........   100%        6    #######
 Orb of Destruction       Conj           #.........   100%        7    #######
 Spellforged Servitor     Conj/Summ      #.........   100%        7    #######
 Summon Hydra             Summ           #.........   100%        7    #######
 Tornado                  Air            #.........   100%        9    #######


Dungeon Overview and Level Annotations

Branches:
Dungeon (11/15)            Temple (1/1) D:4            Lair (6/6) D:9
 Shoals (0/4) Lair:2        Snake (0/4) Lair:3        Slime (0/5) Lair:5
    Orc (2/2) D:9             Elf (0/3) Orc:2         IceCv (visited)

Altars:
Ashenzari
Cheibriados
Dithmenos
Elyvilon
Fedhas
Gozag
Hepliaklqana
Kikubaaqudgha
Makhleb
Nemelex Xobeh
Okawaru
Qazlal
Ru
Sif Muna
Trog
Uskayaw
Vehumet
Wu Jian
Xom
Yredelemnul
Zin
The Shining One
Beogh
Jiyva

Shops:
D:7 (   D:11 *   Orc:2 *!

Portals:
Hell: Lair:6

Annotations:
D:8 1 runed translucent door, ohados's ghost, novice FoFi
D:10 2 runed translucent doors
Lair:3 exclusion: oklob plant
Lair:5 1 runed translucent door
Lair:6 exclusion: 4 oklob plants
Orc:1 2 transporters, Vyedutiz's ghost, journeyman DsMo


Innate Abilities, Weirdness & Mutations

You are small and have problems with some larger weapons.
You are carnivorous and can eat meat at any time.


Message History

You feel drained. The orc sorcerer casts a spell at you.
You shrug off the repeated paralysis!
The hellwing is engulfed in blazing flames.
You are engulfed in blazing flames.
You resist.
The orc sorcerer no longer looks unusually strong.
You are engulfed in blazing flames.
You resist.
* * * LOW HITPOINT WARNING * * *
The hellwing is engulfed in blazing flames.
The hellwing hits you!
* * * LOW HITPOINT WARNING * * *
The hellwing hits you but does no damage.
You are engulfed in blazing flames.
You resist.
* * * LOW HITPOINT WARNING * * *
The hellwing hits you but does no damage.
The hellwing hits you.
* * * LOW HITPOINT WARNING * * *
The orc sorcerer casts a spell.
You are engulfed in blazing flames.
You resist.
You die...

#......#......#
#..###.###...##..
.#............#
#.###...###.####.
.............## ####....(####
##. ..........#....#
##(#...#.## #..
...............###(.(((....#
##.
..............###oo.#.#.#...#
## .............###4§☼##o..
#...# #. ...#........###.4)##
.#.o##... ##
...........###..@## ###..##..
## .....#....###.#)##
#..##.#.# ....#....###...##
#..##... ....... ##.#)##
.##.#.# ...... ##.))##
##...## ...... ##.).##
##...### ..... ##...##
##...###. ##...## ##...###).
. ##.).###..)###)[#


You could see 2 hellwings and 2 orc sorcerers.

Vanquished Creatures
  A frost giant (IceCv)
  An orc warlord (Orc:2)
  An ettin (Orc:1)
  A hydra (Lair:6)
  2 two-headed ogres
  11 death yaks
  An orc high priest (Orc:2)
  Sonja (Lair:6)
  A soul eater (Orc:2)
  A sixfirhy (Orc:2)
  An unseen horror (D:9)
  Pikel (D:7)
  A wizard (Lair:6)
  A harpy (shapeshifter) (Abyss:1)
  3 orc knights (Orc:2)
  An ugly thing (D:11)
  5 orc sorcerers (Orc:2)
  A manticore (D:10)
  14 elephants
  2 smoke demons
  13 spiny frogs
  Maggie (D:7)
  7 black mambas
  An ice statue (IceCv)
  An orange demon (Lair:6)
  6 rime drakes (Lair:6)
  An ice devil (Lair:6)
  2 komodo dragons
  3 red devils
  2 trolls
  11 polar bears
  11 blink frogs
  A dream sheep (Lair:6)
  2 large abominations (Abyss:1)
  2 small abominations (Abyss:1)
  9 hippogriffs
  Sigmund (D:3)
  5 starcursed masses (Abyss:2)
  4 water elementals (D:11)
  A dancing weapon (Orc:2)
  A shadow (Abyss:2)
  A spriggan (D:7)
  2 basilisks
  26 yaks
  2 wyverns
  A fire bat (Abyss:1)
  A neqoxec (Orc:2)
  A steam dragon (D:8)
  A chaos spawn (Orc:2)
  2 hungry ghosts
  A warg (Orc:1)
  12 water moccasins
  11 porcupines
  4 nagas (Lair:3)
  4 hell hounds (Lair:6)
  A soldier ant (D:10)
  23 orc warriors
  A sky beast (D:4)
  A black bear (D:7)
  8 ogres
  4 ice beasts
  3 phantoms
  18 wolves
  13 crocodiles
  9 centaurs
  2 big kobolds
  17 bullfrogs
  A wyvern zombie (D:6)
  3 scorpions
  A water moccasin skeleton (D:5)
  3 killer bees (D:8)
  9 wights
  2 howler monkeys (D:8)
  7 crimson imps
  2 centaur zombies
  A bullfrog zombie (D:10)
  A quasit (D:8)
  A bullfrog skeleton (D:6)
  22 orc priests
  2 hounds
  A jelly (D:8)
  A centaur skeleton (D:9)
  23 orc wizards
  Natasha (thrice) (D:4)
  2 iguanas (D:8)
  9 worker ants
  A hound skeleton (D:8)
  Robin (D:2)
  A worker ant zombie (D:11)
  12 adders
  3 gnolls (Orc:1)
  A howler monkey skeleton (D:9)
  2 river rats (D:4)
  4 shadow imps
  3 white imps (Lair:5)
  An ooze (D:4)
  2 adder skeletons
  An adder zombie (D:7)
  5 worms
  3 dart slugs
  2 leopard geckos
  79 orcs
  3 ball pythons
  3 giant cockroaches
  8 hobgoblins
  25 jackals
  15 kobolds
  3 quokkas
  8 bats
  2 frilled lizards
  16 goblins
  A jackal skeleton (D:6)
  2 quokka zombies (D:10)
  6 rats
  A fungus (Lair:6)
  2 plants
615 creatures vanquished.

Vanquished Creatures (collateral kills)
  An ice dragon (Lair:5)
  A death knight (D:10)
  2 death yaks (Lair:1)
  A thrashing horror (Abyss:2)
  A sun demon (Lair:6)
  An ice devil (Lair:6)
  3 polar bears (IceCv)
  A hippogriff (Lair:6)
  2 yaks (IceCv)
  A neqoxec (Abyss:2)
  3 orc warriors
  An ogre (Orc:1)
  3 wolves
  An orc wizard (Orc:1)
  An orc (Orc:2)
23 creatures vanquished.

Vanquished Creatures (others)
  8 dancing weapons
  14 fungi
  10 plants
32 creatures vanquished.

Grand Total: 670 creatures vanquished

Notes
Turn   | Place    | Note
-------+----------+-------------------------------------------
     0 | D:1      | MrRokkomies the Kobold Arcane Marksman began the quest for
                  | the Orb.
     0 | D:1      | Reached XP level 1. HP: 12/12 MP: 2/2
   513 | D:1      | Reached XP level 2. HP: 11/16 MP: 3/3
  1580 | D:2      | Reached XP level 3. HP: 21/21 MP: 4/4
  1583 | D:2      | Learned a level 1 spell: Corona
  1586 | D:2      | Learned a level 2 spell: Slow
  2035 | D:2      | Found a glowing golden altar of the Shining One.
  2066 | D:2      | Reached XP level 4. HP: 27/27 MP: 5/5
  2381 | D:2      | Noticed Robin
  2430 | D:2      | Killed Robin
  3234 | D:3      | Reached XP level 5. HP: 32/32 MP: 6/6
  3778 | D:3      | Noticed Sigmund
  3807 | D:3      | Killed Sigmund
  3807 | D:3      | Reached XP level 6. HP: 7/38 MP: 5/7
  4352 | D:4      | Found a staircase to the Ecumenical Temple.
  4394 | Temple   | Entered the Ecumenical Temple
  4886 | Temple   | Became a worshipper of Makhleb the Destroyer
  4921 | D:4      | Reached skill level 5 in Crossbows
  4986 | D:4      | Noticed Natasha
  4990 | D:4      | Killed Natasha
  4990 | D:4      | Reached XP level 7. HP: 42/44 MP: 8/8
  5521 | D:4      | Reached skill level 5 in Fighting
  5532 | D:4      | Noticed Natasha
  5549 | D:4      | Killed Natasha
  5577 | D:4      | Noticed Natasha
  5579 | D:4      | Killed Natasha
  5666 | D:4      | Reached XP level 8. HP: 50/50 MP: 9/9
  6209 | D:5      | Entered Level 5 of the Dungeon
  6322 | D:5      | Reached skill level 5 in Dodging
  6755 | D:5      | Learned a level 3 spell: Inner Flame
  6759 | D:5      | Learned a level 3 spell: Portal Projectile
  7163 | D:6      | Reached * piety under Makhleb
  7302 | D:6      | Reached skill level 5 in Hexes
  7510 | D:6      | Reached XP level 9. HP: 45/56 MP: 10/10
  8180 | D:7      | Noticed Maggie
  8202 | D:7      | Killed Maggie
  8319 | D:7      | Found Odonexuf's Antique Weapon Shoppe.
  8383 | D:7      | Noticed a hippogriff
  8388 | D:7      | Reached ** piety under Makhleb
  8405 | D:7      | Killed a hippogriff
  8760 | D:7      | Reached XP level 10. HP: 65/65 MP: 11/11
  9417 | D:8      | Noticed Pikel
  9471 | D:7      | Killed Pikel
  9471 | D:7      | Reached skill level 10 in Crossbows
  9471 | D:7      | Reached skill level 1 in Translocations
 10351 | D:8      | Found a runed translucent door.
 10355 | D:8      | Noticed ohados's ghost (novice FoFi)
 10482 | D:8      | Reached *** piety under Makhleb
 10660 | D:9      | Noticed an unseen horror
 10685 | D:9      | Killed an unseen horror
 10685 | D:9      | Reached skill level 10 in Fighting
 10780 | D:9      | Reached skill level 1 in Invocations
 10813 | D:9      | Reached XP level 11. HP: 64/72 MP: 12/12
 10844 | D:9      | Reached skill level 1 in Fire Magic
 10859 | D:9      | Reached skill level 2 in Invocations
 11035 | D:9      | Found a staircase to the Orcish Mines.
 11465 | D:9      | Noticed a two-headed ogre
 11487 | D:9      | Killed a two-headed ogre
 11487 | D:9      | Reached skill level 3 in Invocations
 11555 | D:9      | Found a staircase to the Lair.
 11611 | Lair:1   | Entered Level 1 of the Lair of Beasts
 11653 | Lair:1   | Reached **** piety under Makhleb
 11668 | Lair:1   | Reached skill level 4 in Invocations
 12261 | Lair:1   | Reached skill level 5 in Translocations
 12277 | Lair:1   | Got a dazzling ring mail
 12288 | Lair:1   | Identified the +2 ring mail of Idiczoug {rF+ Str+7 Dex-3
                  | Stlth+} (You found it on level 1 of the Lair of Beasts)
 12547 | Lair:2   | Found a frozen archway.
 12547 | Lair:2   | Found a staircase to the Shoals.
 12553 | IceCv    | Entered an ice cave
 12566 | IceCv    | Reached skill level 1 in Short Blades
 12616 | IceCv    | Reached skill level 5 in Invocations
 12631 | IceCv    | Reached skill level 10 in Dodging
 13301 | IceCv    | Reached skill level 6 in Invocations
 13301 | IceCv    | Reached XP level 12. HP: 65/77 MP: 16/16
 13390 | IceCv    | Reached skill level 5 in Short Blades
 13445 | IceCv    | Noticed a frost giant
 13459 | IceCv    | Killed a frost giant
 13459 | IceCv    | Reached skill level 7 in Invocations
 13935 | Lair:2   | Reached skill level 5 in Fire Magic
 14155 | Lair:2   | Noticed a death yak
 14157 | Lair:2   | Noticed a death yak
 14157 | Lair:2   | Noticed a death yak
 14166 | Lair:2   | Noticed a death yak
 14201 | Lair:1   | HP: 2/77 [death yak (19)]
 14206 | Lair:1   | Killed a death yak
 14207 | Lair:1   | Killed a death yak
 14207 | Lair:1   | Reached skill level 8 in Invocations
 14262 | Lair:2   | Noticed a death yak
 14262 | Lair:2   | Noticed a death yak
 14305 | Lair:1   | Killed a death yak
 14355 | Lair:1   | Killed a death yak
 14547 | D:9      | Killed a death yak
 14628 | D:10     | Entered Level 10 of the Dungeon
 14766 | Lair:1   | Killed a death yak
 15229 | Lair:1   | Reached XP level 13. HP: 52/82 MP: 19/19
 15338 | Lair:2   | Reached skill level 9 in Invocations
 15567 | Lair:3   | Got a jewelled scale mail
 15578 | Lair:3   | Identified the +5 scale mail of the Trilobite {rC- MR+
                  | Str+2} (You found it on level 3 of the Lair of Beasts)
 15787 | Lair:3   | Found a staircase to the Snake Pit.
 16459 | Lair:4   | Reached skill level 1 in Stealth
 16607 | Lair:4   | Reached skill level 10 in Short Blades
 16772 | Lair:4   | Reached skill level 10 in Invocations
 17596 | Lair:4   | Found an iron altar of Okawaru.
 17765 | Lair:4   | Identified Nesmee's Grimoire of Earth
 17868 | Lair:4   | Noticed an eight-headed hydra
 18052 | Lair:5   | Got a scorched scale mail
 18063 | Lair:5   | Identified the cursed +1 scale mail of Vexation {rElec rN+
                  | Str+2 SInv} (You found it on level 5 of the Lair of Beasts)
 18328 | Lair:5   | Found a runed translucent door.
 18894 | Lair:5   | Noticed an ice dragon
 18918 | Lair:5   | Killed an ice dragon
 19123 | Lair:5   | Found a viscous altar of Jiyva.
 19126 | Lair:5   | Found a staircase to the Slime Pits.
 19244 | Lair:6   | Entered Level 6 of the Lair of Beasts
 19333 | Lair:6   | Reached skill level 5 in Stealth
 19343 | Lair:6   | Noticed Sonja
 19584 | Lair:6   | Reached XP level 14. HP: 82/88 MP: 22/22
 19655 | Lair:6   | Reached skill level 11 in Invocations
 19770 | Lair:6   | Learned a level 3 spell: Dazzling Flash
 19774 | Lair:6   | Learned a level 3 spell: Tukima's Dance
 20926 | Lair:6   | Cast into level 1 of the Abyss (Sonja)
 21066 | Abyss:1  | Noticed an angel
 21143 | Abyss:1  | Found an opulent altar of Gozag.
 21149 | Abyss:1  | Noticed a bone dragon
 21873 | Abyss:1  | Noticed a hellephant
 21875 | Abyss:1  | Noticed a starcursed mass
 21881 | Abyss:1  | Noticed a tentacled starspawn
 21884 | Abyss:1  | Found a corrupted altar of Lugonu.
 21888 | Abyss:1  | Noticed a bone dragon
 21948 | Abyss:1  | Noticed a starcursed mass
 22023 | Abyss:1  | Noticed a black draconian shifter
 22142 | Abyss:2  | Noticed a starcursed mass
 22211 | Abyss:2  | Noticed a starcursed mass
 22290 | Abyss:2  | Reached skill level 10 in Hexes
 22290 | Abyss:2  | Reached skill level 12 in Invocations
 22378 | Lair:6   | Escaped the Abyss
 22414 | Lair:6   | Reached skill level 1 in Evocations
 22449 | Lair:6   | Killed Sonja
 22824 | Lair:6   | Reached ***** piety under Makhleb
 23409 | Lair:6   | Found a burning altar of Makhleb.
 23874 | Lair:6   | Reached XP level 15. HP: 95/95 MP: 24/24
 23893 | Lair:6   | Found a gateway to Hell.
 23952 | Lair:6   | Got a masterwork scimitar
 23953 | Lair:6   | Identified the +10 scimitar "Houshoce" {antimagic, rPois}
                  | (You found it on level 6 of the Lair of Beasts)
 24829 | D:10     | Found a large runed translucent door.
 24829 | D:10     | Found a large runed translucent door.
 25844 | D:11     | Found Ynankup's Assorted Antiques.
 25869 | D:11     | Bought a copper ring for 170 gold pieces
 25869 | D:11     | Bought a glowing peridot ring for 170 gold pieces
 25869 | D:11     | Bought a scroll labeled WOTAEJ BODANK for 34 gold pieces
 26617 | Orc:1    | Entered Level 1 of the Orcish Mines
 26620 | Orc:1    | Found a transporter.
 26658 | Orc:1    | Found a transporter.
 26660 | Orc:1    | Noticed Vyedutiz's ghost (journeyman DsMo)
 26661 | Orc:1    | Identified the cursed +1 dire flail "Wosuaply" {vamp, +Rage
                  | rF+}
 26740 | Orc:1    | Found a roughly hewn altar of Beogh.
 27696 | Orc:2    | Entered Level 2 of the Orcish Mines
 27851 | Orc:2    | Noticed an orc warlord
 27980 | Orc:2    | Killed an orc warlord
 28177 | Orc:2    | Found a staircase to the Elven Halls.
 28388 | Orc:2    | Found Eprosch's Distillery.
 28444 | Orc:2    | Reached ****** piety under Makhleb
 28446 | Orc:2    | Found Azil's General Store.
 28686 | Orc:2    | Reached skill level 5 in Evocations
 28691 | Orc:2    | Reached skill level 13 in Invocations
 28726 | Orc:2    | Bought a potion of heal wounds for 65 gold pieces
 28726 | Orc:2    | Bought a potion of heal wounds for 65 gold pieces
 29424 | Orc:2    | Paralysed by an orc sorcerer for 7 turns
 29430 | Orc:2    | Engulfed by a cloud of flame

Illustrated notes

Levels and vault maps discovered:
D:1:      scummos_arrival_gate, layout_basic, st_stairs_12,
          minmay_misc_feat_rugged
D:2:      layout_basic, lemuel_coloured_pillars_altar, uniq_robin
D:3:      layout_basic, first_ration, uniq_sigmund
D:4:      layout_gridville, minmay_temple_entry_drinking_statues,
          portal_sewer_entry_b, uniq_natasha
D:5:      layout_basic
D:6:      layout_loops_ring, chequers_serial_rivers_large_a
D:7:      layout_basic, serial_shops, shop_coins, the_bakery, uniq_maggie
D:8:      layout_loops_corners, ebering_ghost_reflecting_pool, uniq_pikel
D:9:      layout_basic, lair_entry_dummy, orc_0_dummy
D:10:     layout_long_grid, jmf_multi_god_temple2
D:11:     layout_roguey, serial_shops, shop, minmay_misc_feat_room,
          nicolae_underground_beach
Temple:   compressed_dpeg_triangle_lava_temple
Lair:1:   layout_regular_city
Lair:2:   layout_layer_cave, shoals_dummy_entry,
          portal_ice_cave_entry_pillars_2, beast_lair_carwin_5
Lair:3:   layout_regular_city, minmay_snake_entry_guardpost_medium,
          minmay_lair_oklob_items
Lair:4:   layout_cellular_growth, basic_altar, hangedman_lair_generics_rect,
          grunt_megastairs_2
Lair:5:   layout_regular_city, slime_altar_2, bobbens_ice_dragon_lair,
          grunt_megastairs_4
Lair:6:   evil_forest, layout_regular_city, lemuel_fruit_fields,
          minmay_lair_oklob_chamber, uniq_sonja
Orc:1:    layout_caves, gammafunk_ghost_smash, nicolae_orc_pool_cavern,
          mines1_david
Orc:2:    pf_orc_diabolical, layout_caves

Skill      XL: |  1  2  3  4  5  6  7  8  9 10 11 12 13 14 15 |
---------------+----------------------------------------------+-----
Fighting       | 2 3 4 5 6 8 10 11 12 | 12.4
Crossbows      | 3 4 5 6 7 9 10 | 10.0
Dodging        | 3 4 5 6 8 10 11 12 | 12.4
Hexes          | 4 5 6 8 10 | 10.0
Translocations | 4 5 6 |  6.0
Invocations    | 1 6 8 10 12 13 | 13.2
Fire Magic     | 3 5 6 |  6.0
Short Blades   | 4 8 10 | 10.0
Stealth        | 5 7 |  7.2
Evocations     | 3 5 |  5.3
Spellcasting   | |  1.1

Action                   |  1- 3 |  4- 6 |  7- 9 | 10-12 | 13-15 || total
-------------------------+-------+-------+-------+-------+-------++-------
Melee: Spear             |    63 |       |       |       |       ||    63
       Whip              |       |    91 |    74 |       |       ||   165
       Dagger            |       |       |   147 |   639 |  1789 ||  2575
 Fire: Hand crossbow     |    40 |    62 |   178 |   259 |   399 ||   938
Throw: Dart              |       |       |       |    36 |    10 ||    46
 Cast: Corona            |       |     1 |     4 |     7 |     1 ||    13
       Slow              |       |       |    10 |    12 |    38 ||    60
       Inner Flame       |       |       |     1 |     8 |    26 ||    35
       Tukima's Dance    |       |       |       |       |    39 ||    39
Invok: Lesser Servant of |       |       |       |    12 |     8 ||    20
       Major Destruction |       |       |       |       |     3 ||     3
Evoke: Wand              |       |       |     3 |     5 |     5 ||    13
       Tin of tremorston |       |       |       |       |     1 ||     1
  Use: Scroll            |     5 |     6 |     6 |     9 |    17 ||    43
       Potion            |     1 |     1 |     4 |     2 |    14 ||    22
 Stab: Sleeping          |     3 |     1 |     4 |     4 |    26 ||    38
       Distracted        |       |       |       |     1 |     6 ||     7
  Eat: Chunk             |    12 |     9 |    13 |    22 |    59 ||   115
Armor: Robe              |     8 |    16 |    45 |       |       ||    69
       Steam dragon scal |       |       |    30 |    83 |       ||   113
       Ring mail         |       |       |       |   129 |   316 ||   445
Dodge: Dodged            |    50 |    87 |   341 |   764 |  1121 ||  2363

Table legend:
 A = Non-vault XP
 B = Vault XP
 C = Vault XP percentage of total XP
 D = Non-vault monster count
 E = Vault monster count
 F = Vault count percentage of total count
                 A         B        C        D         E       F
            +---------+---------+-------+---------+---------+-------
      Total |   56871 |   39964 |  41.3 |     459 |     175 |  27.6
            +---------+---------+-------+---------+---------+-------
        D:1 |      22 |       2 |   8.3 |      14 |       1 |   6.7
        D:2 |      69 |      34 |  33.0 |      25 |      10 |  28.6
        D:3 |      94 |     220 |  70.1 |      25 |       1 |   3.8
        D:4 |     823 |      78 |   8.7 |      24 |       7 |  22.6
        D:5 |     253 |       0 |   0.0 |      10 |       0 |   0.0
        D:6 |     864 |       0 |   0.0 |      34 |       0 |   0.0
        D:7 |    1245 |    1312 |  51.3 |      24 |       3 |  11.1
        D:8 |    1520 |       0 |   0.0 |      29 |       0 |   0.0
        D:9 |    3987 |     301 |   7.0 |      38 |       1 |   2.6
       D:10 |    2415 |    1385 |  36.4 |      23 |       3 |  11.5
       D:11 |    3108 |     852 |  21.5 |      23 |       4 |  14.8
     Lair:1 |    5823 |       0 |   0.0 |      19 |       0 |   0.0
     Lair:2 |    3140 |    1130 |  26.5 |      11 |       5 |  31.2
     Lair:3 |     606 |    1108 |  64.6 |       5 |       5 |  50.0
     Lair:4 |    4849 |    4412 |  47.6 |      19 |      11 |  36.7
     Lair:5 |    5002 |    1330 |  21.0 |      17 |       6 |  26.1
     Lair:6 |   12855 |   10012 |  43.8 |      43 |      30 |  41.1
      Orc:1 |    2802 |       0 |   0.0 |      38 |       0 |   0.0
      Orc:2 |    2822 |    9426 |  77.0 |      22 |      52 |  70.3
    Abyss:1 |    1962 |       0 |   0.0 |       6 |       0 |   0.0
    Abyss:2 |    2610 |       0 |   0.0 |      10 |       0 |   0.0
      IceCv |       0 |    8362 | 100.0 |       0 |      36 | 100.0
            +---------+---------+-------+---------+---------+-------
